cohdb
Replays
Latest Replays
All Replays
Popular Replays
Top Player Replays
Match Explorer
How It Works
Community
CoH3 Stats
Reddit
Sign in to upload your games and track your stats! →
Sign in with Steam
Match 43541595
Unlisted
Match 43541595
Overview
Messages
Build Orders
End
Pioneer Squad
Construct Infanterie Kompanie
Grenadier Squad
Grenadier Squad
Grenadier Squad
Infanterie Officer Quarters
Medical Bunker
Construct Panzergrenadier Kompanie
Selects Breakthrough Battlegroup
Selects Assault Grenadiers
Pak 40 Anti-tank Gun Team
Construct Panzer Kompanie
Selects Breakthrough
Selects Rapid Production
Stoßtruppen Squad
Panzer Officer Quarters
Selects Blitzkrieg
Stoßtruppen Squad
Panzer IV Medium Tank
Happycat
Doge 👊🏻🇺🇸🔥
ConcernedApe
TechBee
0
0
Comments
sign in to comment!
No comments posted yet!